 Dungeon Crawl Stone Soup version 0.26.1-10-gdfb7c7de75 (webtiles) character file.

Game seed: 15835112647866596699

2522 tardwrangler69 the Cleaver (level 9, -2/79 HPs)
             Began as a Minotaur Fighter on Apr 3, 2021.
             Was a Priest of Uskayaw.
             Slain by a vampire (10 damage)
             ... on level 8 of the Dungeon.
             The game lasted 00:07:34 (8382 turns).

tardwrangler69 the Cleaver (Minotaur Fighter)       Turns: 8382, Time: 00:07:34

Health: -2/79      AC: 14    Str: 24    XL:     9   Next: 29%
Magic:  9/9        EV:  9    Int:  5    God:    Uskayaw [***...]
Gold:   406        SH: 11    Dex: 10    Spells: 8/8 levels left

rFire    . . .     SeeInvis .   a - +1 war axe
rCold    + . .     Faith    .   c - +0 kite shield
rNeg     . . .     Spirit   .   y - +0 plate armour
rPois    .         Reflect  .   (helmet restricted)
rElec    .         Harm     .   (no cloak)
rCorr    .         Rampage  .   (no gloves)
Will     .....                  B - +0 pair of boots
Stlth    ..........             (no amulet)
HPRegen  0.23/turn              w - ring of protection from cold
MPRegen  0.11/turn              g - +4 ring of evasion

@: mighty
A: retaliatory headbutt, horns 2
a: Renounce Religion, Stomp, Line Pass


You were on level 8 of the Dungeon.
You worshipped Uskayaw.
Uskayaw was noncommittal.
You visited 1 branch of the dungeon, and saw 8 of its levels.

You collected 406 gold pieces.

Inventory:

Hand Weapons
 a - a +1 war axe (weapon)
Armour
 b - a +0 scale mail
 c - a +0 kite shield (worn)
 y - a +0 plate armour (worn)
 B - a +0 pair of boots (worn)
Jewellery
 g - a +4 ring of evasion (right hand)
 h - an uncursed ring of see invisible
 w - a ring of protection from cold (left hand)
Wands
 o - a wand of digging (7)
 r - a wand of iceblast (4)
Scrolls
 e - 7 scrolls of teleportation
 j - 7 scrolls of identify
 k - a scroll of enchant weapon
 p - 3 scrolls of immolation
 s - a scroll of amnesia
 A - a scroll of enchant armour {unknown}
 C - a scroll of magic mapping {unknown}
Potions
 f - a potion of haste {unknown}
 i - a potion of curing
 l - a potion of magic {unknown}
 m - 2 potions of brilliance {unknown}
 n - 2 potions of flight {unknown}
 q - 2 potions of mutation {unknown}
 t - 2 potions of ambrosia {unknown}
 u - a potion of resistance {unknown}
 v - a potion of berserk rage {unknown}
 x - 3 potions of degeneration {unknown}
 z - a potion of attraction {unknown}
 E - a potion of heal wounds {unknown}


   Skills:
 + Level 7.6 Fighting
 * Level 9.6 Axes
 + Level 7.5 Armour
 + Level 7.5 Shields
 + Level 2.1 Invocations


You had 8 spell levels left.
You didn't know any spells.
Your spell library contained the following spells:

 Spells                   Type           Power        Failure   Level
 Sandblast                Erth           0%           100%        1
 Passwall                 Tmut/Erth      0%           100%        2
 Stone Arrow              Conj/Erth      0%           100%        3
 Petrify                  Tmut/Erth      0%           100%        4
 Lee's Rapid Deconstruct  Erth           0%           100%        5


Dungeon Overview and Level Annotations

Branches:
Dungeon (8/15)             Temple (0/1) D:4            Lair (0/6) D:8

Altars:
Ashenzari
Cheibriados
Hepliaklqana
Kikubaaqudgha
Makhleb
Qazlal
Sif Muna
Uskayaw
Wu Jian
Yredelemnul
Zin
The Shining One

Shops:
D:5 !=:[:

Annotations:
D:5 exclusion: 2 doors


Innate Abilities, Weirdness & Mutations

You reflexively headbutt those who attack you in melee.
You have a pair of horns on your head.


Message History

The vampire casts a spell at you. You resist with some effort.
You feel better.
The vampire points at itself and mumbles some strange words.
The vampire flickers and vanishes!
Deactivating autopickup; reactivate with Ctrl-A.
You hit something. You headbutt something! Something hits you.
* * * LOW HITPOINT WARNING * * *
Something bites you!
* * * LOW HITPOINT WARNING * * *
Something draws strength from your injuries!
Uskayaw will force your foes to helplessly watch your dance.
Uskayaw prepares the audience for your solo!
You feel better.
Unholy energy fills the air.
* * * LOW HITPOINT WARNING * * *
Okay, then.
As you read the scroll of fear, it crumbles to dust.
You assume a fearsome visage.
Nothing appears to happen.
Something hits you but does no damage. Something bites you!
You die...

#.......#######
#...###.# #......(#
## #######.# #⌠##
#.# #...## #.#
#.....# #.#
##....... #.####
####..._# #.
#.##.###.'@{..#
+.####
#...#....##....#
#.#...
####.#######.......
#.#.## #.#
#.....####.#.# #.#
#...##......# #.#
#⌠######...# #.#
###.......# #.#
#.###..## #.# #..#


There were no monsters in sight!

Vanquished Creatures
  Eustachio (D:6)
  An orc warrior (D:6)
  2 ice beasts
  2 phantoms (D:8)
  2 sky beasts
  2 black bears
  2 centaurs (D:6)
  Blork the orc (D:6)
  2 bullfrogs
  A scorpion (D:5)
  3 killer bees (D:7)
  3 wights (D:6)
  A bullfrog zombie (D:7)
  3 bullfrog skeletons
  A centaur zombie (D:6)
  5 orc priests
  A hound (D:5)
  5 orc wizards
  Terence (D:3)
  4 worker ants
  2 hound zombies
  A hound skeleton (D:7)
  A howler monkey zombie (D:5)
  13 adders
  A shadow imp (D:7)
  3 white imps (D:7)
  An adder zombie (D:5)
  2 adder skeletons
  3 worms
  5 dart slugs
  6 leopard geckos
  21 orcs
  8 bats
  2 bat zombies (D:2)
  8 giant cockroaches
  9 goblins
  5 hobgoblins
  4 jackals (D:2)
  5 quokkas
  A ball python (D:3)
  6 frilled lizards
  7 kobolds
  A leopard gecko zombie (D:8)
  8 rats
  A rat zombie (D:2)
  A spectral orc (D:6)
168 creatures vanquished.

Vanquished Creatures (others)
  4 plants (D:5)
4 creatures vanquished.

Grand Total: 172 creatures vanquished

Notes
Turn   | Place    | Note
-------+----------+-------------------------------------------
     0 | D:1      | tardwrangler69 the Minotaur Fighter began the quest for the
                  | Orb.
     0 | D:1      | Reached XP level 1. HP: 19/19 MP: 0/0
   244 | D:1      | Found a broken altar of Ashenzari.
   340 | D:1      | Reached XP level 2. HP: 27/27 MP: 1/1
   463 | D:1      | Reached skill level 3 in Axes
   850 | D:1      | Reached XP level 3. HP: 33/33 MP: 2/2
  1487 | D:2      | Reached XP level 4. HP: 40/40 MP: 3/3
  1578 | D:2      | Found a burning altar of Makhleb.
  1578 | D:2      | Found a snail-covered altar of Cheibriados.
  1844 | D:2      | Reached skill level 4 in Axes
  1847 | D:2      | Found an ancient bone altar of Kikubaaqudgha.
  2395 | D:3      | Found a stormy altar of Qazlal.
  2639 | D:3      | Reached XP level 5. HP: 46/47 MP: 4/4
  2801 | D:3      | Noticed Terence
  2807 | D:3      | Killed Terence
  3153 | D:4      | Found a hide-covered altar of Uskayaw.
  3153 | D:4      | Noticed a +0 dagger
  3153 | D:4      | Noticed a +0 dagger
  3160 | D:4      | Became a worshipper of Uskayaw the Reveller
  3383 | D:4      | Found a staircase to the Ecumenical Temple.
  3393 | D:4      | Reached * piety under Uskayaw
  3500 | D:4      | Found a stormy altar of Qazlal.
  3709 | D:4      | Reached ** piety under Uskayaw
  3711 | D:4      | Reached skill level 5 in Axes
  4154 | D:5      | Entered Level 5 of the Dungeon
  4165 | D:5      | Reached XP level 6. HP: 52/55 MP: 5/5
  4254 | D:5      | Found Joxer's Book Shoppe.
  4261 | D:5      | Reached skill level 5 in Fighting
  4326 | D:5      | Reached skill level 5 in Shields
  4353 | D:5      | Found Ruajat's Book Shoppe.
  4437 | D:5      | Found Billen's Antique Armour Shoppe.
  4470 | D:5      | Noticed a sky beast
  4475 | D:5      | Reached skill level 5 in Armour
  4475 | D:5      | Reached *** piety under Uskayaw
  4477 | D:5      | Reached **** piety under Uskayaw
  4478 | D:5      | Killed a sky beast
  4533 | D:5      | Found a shimmering blue altar of Sif Muna.
  4538 | D:5      | Reached skill level 6 in Axes
  4540 | D:5      | Found Mulugoam's Distillery.
  4581 | D:5      | Reached XP level 7. HP: 32/61 MP: 6/6
  5059 | D:5      | Found Todem's Jewellery Emporium.
  5616 | D:6      | Noticed Blork the orc
  5626 | D:6      | Killed Blork the orc
  5627 | D:6      | Reached skill level 7 in Axes
  5698 | D:6      | Noticed Eustachio
  5713 | D:6      | Killed Eustachio
  5714 | D:6      | Reached XP level 8. HP: 64/70 MP: 7/7
  5856 | D:6      | Reached skill level 8 in Axes
  6037 | D:6      | Found an ornate altar of the Wu Jian Council.
  6396 | D:6      | Found a hazy altar of Hepliaklqana.
  6583 | D:6      | Found a basalt altar of Yredelemnul.
  7035 | D:7      | Reached ***** piety under Uskayaw
  7036 | D:7      | Reached skill level 9 in Axes
  7036 | D:7      | Reached skill level 1 in Invocations
  7295 | D:7      | Reached XP level 9. HP: 69/79 MP: 8/8
  8107 | D:8      | Found a glowing golden altar of the Shining One.
  8162 | D:8      | Found a staircase to the Lair.
  8336 | D:8      | Found a glowing silver altar of Zin.
  8357 | D:8      | Found a glowing golden altar of the Shining One.
  8382 | D:8      | Slain by a vampire

Illustrated notes

Levels and vault maps discovered:
D:1:      dpeg_arrival_more_subterranean_lakeside_camping, layout_basic,
          evilmike_ruin_ashenzari
D:2:      minmay_razor_zed, layout_basic, lemuel_zombie_altar_kikubaaqudgha,
          gammafunk_temple_overflow_elements
D:3:      layout_basic, nicolae_overflow_hidden_temple, serial_bayou_lake_a,
          uniq_terence
D:4:      layout_basic, dancing_weapons_uskayaw,
          minmay_temple_entry_butterflies, serial_corexii_hall,
          chequers_hall_statues_corner_a, corexii_hall_statues_s,
          grunt_qazlal_sundering
D:5:      cheibrodos_two_vegetables, layout_basic, old_standard_altar,
          serial_shops, shop, shop, nicolae_shop_stone,
          nicolae_shop_competitors_out_of_business, nicolae_shop_stone
D:6:      layout_loops_ring, general_overflow_altar,
          yredelemnul_forgotten_temple_becter, kennysheep_mini_moat,
          uniq_eustachio, uniq_blork_the_orc
D:7:      layout_loops_corners
D:8:      layout_loops_ring, overflow_temple_1_default, zin_statuary,
          lemuel_crystal_altar, dpeg_oklobed_lair, kennysheep_nub,
          nzn_life_drinkers

Skill      XL: |  1  2  3  4  5  6  7  8  9 |
---------------+----------------------------+-----
Axes           | 3 4 5 6 7 9 |  9.6
Shields        | 4 5 6 7 |  7.5
Fighting       | 4 5 6 7 |  7.6
Armour         | 4 5 6 7 |  7.5
Invocations    | 1 2 |  2.1

Action                   |  1- 3 |  4- 6 |  7- 9 || total
-------------------------+-------+-------+-------++-------
Melee: War axe           |    78 |   181 |   209 ||   468
       Headbutt          |     9 |    27 |    36 ||    72
  Use: Scroll            |       |     7 |     5 ||    12
       Potion            |       |       |     7 ||     7
 Stab: Paralysed         |       |     2 |    11 ||    13
Armor: Scale mail        |    40 |    65 |    28 ||   133
       Plate armour      |       |       |    62 ||    62
Dodge: Dodged            |    22 |    78 |    86 ||   186
Block: Kite shield       |    48 |    95 |   114 ||   257
